[Event "Titled Tuesday Blitz May 16 Early 2023"]
[White "Preotu, Razvan"]
[Black "Ansh M Shah"]
[WhiteFideId "2613280"]
[BlackFideId "25033379"]
[WhiteElo "2407"]
[BlackElo "2084"]
[Result "1-0"]
[Round "08"]
[TimeControl "180+2"]
[Date "2023.05.16"]
[WhiteClock "0:00:16"]
[BlackClock "0:00:00"]

1. e4 c6 2. Nc3 d5 3. Nf3 Bg4 4. h3 Bxf3 5. Qxf3 e6 6. Be2 Bc5 7. O-O Nd7 8. exd5 exd5 9. Re1 Ne7 10. Na4 Bd6 11. d4 O-O 12. Bd3 Ng6 13. Bd2 Qf6 14. Qg4 Nb6 15. Nxb6 axb6 16. Bg5 h5 17. Qxh5 Qxd4 18. Be3 Qe5 19. Qxe5 Nxe5 20. Bxb6 Nxd3 21. cxd3 c5 22. Rec1 Rfc8 23. a4 Rc6 24. a5 Be5 25. Rab1 Bd4 26. b4 Rac8 27. Kf1 Rf6 28. f3 Be3 29. Rc2 Rfc6 30. bxc5 Bxc5 31. Rbc1 Bxb6 32. Rxc6 bxc6 33. axb6 c5 34. b7 Rb8 35. Rxc5 d4 36. Rc8+ 1-0


[Site "https://www.chess.com"]

[Event "Titled Tuesday Blitz May 16 Early 2023"]
[White "Rios Escobar, Adan"]
[Black "Hua, Lefong"]
[WhiteFideId "3403645"]
[BlackFideId "2602253"]
[WhiteElo "2457"]
[BlackElo "2657"]
[Result "1-0"]
[Round "08"]
[TimeControl "180+2"]
[Date "2023.05.16"]
[WhiteClock "0:01:20"]
[BlackClock "0:00:57"]

1. d4 Nf6 2. g3 g6 3. Bg2 Bg7 4. e4 d6 5. Ne2 O-O 6. O-O c5 7. dxc5 dxc5 8. e5 Ng4 9. f4 Nc6 10. h3 Nh6 11. Be3 Qc7 12. Nbc3 Be6 13. g4 f6 14. exf6 exf6 15. Bxc5 Rfd8 16. Qc1 b6 17. Nb5 Qd7 18. Ba3 a6 19. Nd6 Nf7 20. Nxf7 Bxf7 21. Rd1 Qc7 22. f5 gxf5 23. Qf4 Rxd1+ 24. Rxd1 Rc8 25. Qxc7 Rxc7 26. Bxc6 Rxc6 27. Rd8+ Bf8 28. Bxf8 Bc4 29. Nd4 1-0


[Site "https://www.chess.com"]

[Event "Titled Tuesday Blitz May 16 Early 2023"]
[White "Begunov, Konstantin"]
[Black "Souleidis, Georgios"]
[WhiteFideId "4118510"]
[BlackFideId "4206827"]
[WhiteElo "2050"]
[BlackElo "2401"]
[Result "0-1"]
[Round "08"]
[TimeControl "180+2"]
[Date "2023.05.16"]
[WhiteClock "0:00:00"]
[BlackClock "0:00:05"]

1. d4 Nf6 2. c4 g6 3. f3 Bg7 4. e4 d6 5. Nc3 O-O 6. Be3 a6 7. Qd2 c6 8. Bd3 b5 9. b3 Bb7 10. Nge2 Nbd7 11. O-O e5 12. d5 cxd5 13. cxd5 Ne8 14. b4 f5 15. a4 bxa4 16. Nxa4 fxe4 17. fxe4 Rxf1+ 18. Rxf1 Nef6 19. Bg5 Nb6 20. Nec3 Nxa4 21. Nxa4 Qe7 22. Nb6 Rf8 23. Qe2 Qc7 24. Nc4 Bc8 25. Ne3 Qb6 26. Kh1 Qxb4 27. Bxf6 Bxf6 28. Ng4 Bg5 29. Rxf8+ Kxf8 30. h3 Kg7 31. g3 h5 32. Nf2 Qd4 33. Kg2 a5 34. Ba6 Bd7 35. Bb5 Bxb5 36. Qxb5 Be3 37. Qd7+ Kh6 38. Qd8 Qa7 39. Qh8+ Qh7 40. Qf8+ Qg7 41. Qxd6 Bxf2 42. Kxf2 Qa7+ 43. Kf3 a4 44. Qxe5 a3 45. Qh8+ Qh7 46. Qf6 Qa7 47. d6 a2 0-1


[Site "https://www.chess.com"]

[Event "Titled Tuesday Blitz May 16 Early 2023"]
[White "UNSTOPPABLE_LEGEND"]
[Black "Veiga, Jose Francisco R P Neves"]
[BlackFideId "1930087"]
[WhiteElo "2452"]
[BlackElo "2320"]
[Result "0-1"]
[Round "08"]
[TimeControl "180+2"]
[Date "2023.05.16"]
[WhiteClock "0:00:19"]
[BlackClock "0:00:30"]

1. c4 Nf6 2. Nc3 e6 3. e4 d5 4. cxd5 exd5 5. e5 Nfd7 6. d4 c5 7. Nxd5 cxd4 8. Qxd4 Nc6 9. Qd1 Ndxe5 10. Be2 Bd6 11. Nf3 O-O 12. O-O Be6 13. Ng5 Bf5 14. Be3 h6 15. Nf3 Be4 16. Nxe5 Bxe5 17. Nc3 Bxc3 18. bxc3 Qf6 19. Qb3 Rfe8 20. Rad1 Qg6 21. g3 Bc2 22. Qxb7 Bxd1 23. Rxd1 Rad8 24. Kg2 Ne5 25. Rd4 Qc6+ 26. Qxc6 Nxc6 27. Rc4 Re6 28. Bg4 Red6 29. Bf4 Rf6 30. Bf3 g5 31. Bc7 Rc8 32. Be5 Rxf3 33. Bd4 Rd3 34. Rc5 Ne7 35. Re5 Ng6 36. Ra5 Rc7 37. a4 Rd2 38. Rf5 Ra2 39. a5 Ne7 40. Rb5 Nc6 41. Bf6 Kh7 42. c4 Kg6 43. Bc3 Re7 44. Rc5 Rc2 45. Rxc6+ Re6 46. Rxe6+ fxe6 47. Bd4 Rxc4 48. Bxa7 g4 49. Bb6 Ra4 50. h3 h5 51. hxg4 hxg4 52. Kf1 Kf5 53. Ke2 Ke4 54. Bc7 Ra2+ 55. Ke1 Kf3 56. Bb6 e5 57. Kd1 e4 58. Ke1 e3 59. Bxe3 Rxa5 60. Kd2 Rd5+ 61. Ke1 Re5 62. Kf1 Ra5 63. Kg1 Ra1+ 64. Kh2 Rf1 65. Bd4 Rd1 66. Be3 Rd5 67. Bb6 Rh5+ 68. Kg1 Rb5 69. Be3 Ke2 70. Kg2 Rb1 71. Ba7 Rb7 72. Be3 Rf7 73. Bb6 Rf3 74. Bc5 Rc3 75. Bb6 Rb3 76. Bd4 Rd3 77. Bc5 Rd7 78. Bb6 Kd3 79. Bc5 Ke4 80. Bb6 Kf5 81. Be3 Rh7 82. Bc5 Rd7 83. Bb6 Ke4 84. Bc5 Rd2 85. Bb6 Re2 86. Bc5 Rc2 87. Bb6 Ra2 88. Bc5 Ra3 89. Be3 Rxe3 90. fxe3 Kxe3 91. Kg1 Kf3 92. Kh2 Kf2 93. Kh1 Kxg3 94. Kg1 Kh3 95. Kh1 g3 96. Kg1 g2 97. Kf2 Kh2 98. Kf3 g1=Q 99. Ke2 Kg3 100. Kd3 Kf4 101. Ke2 Qe3+ 102. Kd1 Qf2 103. Kc1 Ke3 104. Kb1 Kd3 105. Ka1 Kc3 106. Kb1 Qb2# 0-1


[Site "https://www.chess.com"]

[Event "Titled Tuesday Blitz May 16 Early 2023"]
[White "liwadas82"]
[Black "Jakubowski, Krzysztof"]
[BlackFideId "1112848"]
[WhiteElo "2452"]
[BlackElo "2359"]
[Result "0-1"]
[Round "08"]
[TimeControl "180+2"]
[Date "2023.05.16"]
[WhiteClock "0:00:07"]
[BlackClock "0:00:09"]

1. e4 c5 2. Nf3 e6 3. d4 cxd4 4. Nxd4 a6 5. Nc3 b5 6. Bd3 Ne7 7. O-O Nec6 8. Nb3 d6 9. Qe2 Nd7 10. a4 b4 11. Nd1 Be7 12. Ne3 O-O 13. Bd2 Nde5 14. f4 Nxd3 15. cxd3 a5 16. Kh1 Bd7 17. Nc4 Qb8 18. Be3 Ra6 19. d4 d5 20. Ne5 Nxe5 21. dxe5 Qa8 22. exd5 exd5 23. f5 Re8 24. Bc5 d4 25. Bxe7 Rxe7 26. Nxd4 Rh6 27. b3 Qd5 28. Nf3 Bxf5 29. Rad1 Qa8 30. Nd4 Be4 31. Nb5 Bc6 32. Nd6 Rg6 33. Rf2 h6 34. Rdf1 Bd5 35. Nf5 Ree6 36. Nd4 Re8 37. Nb5 Rxe5 38. Qxe5 Bxg2+ 39. Kg1 Bh3+ 40. Qg3 Rxg3+ 41. hxg3 Bxf1 42. Kxf1 Qd5 43. Re2 Qd1+ 44. Kf2 Qxb3 45. Nd4 Qd5 46. Nf3 Qc6 47. Rd2 Qxa4 48. Nd4 Qd7 49. Ke3 Qe7+ 50. Kd3 a4 51. Re2 Qd6 52. Re8+ Kh7 53. Ra8 Qxg3+ 54. Kc4 Qc3+ 55. Kd5 b3 56. Rxa4 Qd3 57. Rb4 h5 58. Rxb3 Qd1 59. Re3 g6 60. Ke4 Kg7 61. Nf3 Qh1 62. Kf4 Qg2 63. Ne5 Qf2+ 64. Rf3 Qd4+ 65. Kg3 Qxe5+ 66. Kf2 Qe4 67. Re3 Qxe3+ 68. Kxe3 Kf6 0-1


[Site "https://www.chess.com"]

[Event "Titled Tuesday Blitz May 16 Early 2023"]
[White "Avazkhonov, Alikhon"]
[Black "Bartel, Michal"]
[WhiteFideId "14208504"]
[BlackFideId "1119257"]
[WhiteElo "1739"]
[BlackElo "2282"]
[Result "1-0"]
[Round "08"]
[TimeControl "180+2"]
[Date "2023.05.16"]
[WhiteClock "0:00:02"]
[BlackClock "0:00:03"]

1. e4 e5 2. Nf3 Nc6 3. Bb5 g6 4. O-O Bg7 5. c3 d6 6. d4 Bd7 7. d5 Nce7 8. Bxd7+ Qxd7 9. c4 h6 10. Nc3 f5 11. Ne1 Nf6 12. f3 O-O 13. Be3 g5 14. Kh1 g4 15. Nd3 gxf3 16. gxf3 fxe4 17. fxe4 Ng6 18. Rg1 Kh7 19. Qe2 Qh3 20. Rg3 Qh5 21. Rag1 Qxe2 22. Nxe2 Nxe4 23. Rxg6 Rf7 24. R6g4 Nf6 25. R4g2 Raf8 26. Ng3 Ng4 27. Re1 Rf3 28. Rge2 e4 29. Nxe4 Re8 30. Ndf2 Ne5 31. b3 Ref8 32. Bd4 b6 33. Kg2 R3f5 34. Bxe5 Bxe5 35. Ng3 Rg5 36. Ne4 Rg7 37. Rf2 Rfg8 38. Ref1 h5 39. Kh3 h4 40. Kxh4 Kg6 41. Kh3 Rh7+ 42. Kg2 Rgh8 43. Rf6+ Bxf6 44. Rxf6+ Kg7 45. h4 Re8 46. Nf5+ Kh8 47. Ng5 Rh5 48. Nh6 Re2+ 49. Kf3 Re7 50. Rg6 Re8 51. Nhf7# 1-0


[Site "https://www.chess.com"]

[Event "Titled Tuesday Blitz May 16 Early 2023"]
[White "Womacka, Mathias"]
[Black "Jaskolka, Tomasz"]
[WhiteFideId "4611390"]
[BlackFideId "1170791"]
[WhiteElo "2377"]
[BlackElo "2155"]
[Result "0-1"]
[Round "08"]
[TimeControl "180+2"]
[Date "2023.05.16"]
[WhiteClock "0:00:00"]
[BlackClock "0:00:15"]

1. e4 d5 2. exd5 Nf6 3. Nf3 Bg4 4. Bb5+ Nbd7 5. c4 a6 6. Ba4 b5 7. cxb5 Nxd5 8. bxa6 Rxa6 9. Nc3 Re6+ 10. Kf1 Nf4 11. d4 Ng6 12. h3 Bf5 13. d5 Rd6 14. Nd4 e6 15. g4 Rxd5 16. gxf5 Qa8 17. Bc6 Qa6+ 18. Bb5 Qd6 19. Nxd5 Qxd5 20. Rg1 Ne5 21. fxe6 fxe6 22. Be3 Bd6 23. a4 O-O 24. Qh5 Nf6 25. Qg5 Rf7 26. Rc1 h6 27. Qxh6 Nfg4 28. Qg5 Nh2+ 29. Ke2 Nhf3 30. Nxf3 Qxf3+ 31. Kd2 Qe4 32. Qg2 Nf3+ 33. Ke2 Nd4+ 34. Kd2 Bb4+ 35. Kd1 Nf3 36. Qg4 Rd7+ 37. Ke2 Rd2+ 0-1


[Site "https://www.chess.com"]

[Event "Titled Tuesday Blitz May 16 Early 2023"]
[White "Kielinkei"]
[Black "Mortazavi, Ali"]
[BlackFideId "401323"]
[WhiteElo "2432"]
[BlackElo "2339"]
[Result "0-1"]
[Round "08"]
[TimeControl "180+2"]
[Date "2023.05.16"]
[WhiteClock "0:00:00"]
[BlackClock "0:00:51"]

1. e4 c6 2. d4 d5 3. Nc3 dxe4 4. Nxe4 Nf6 5. Nxf6+ exf6 6. Be3 Bd6 7. Bd3 O-O 8. Ne2 Re8 9. O-O Nd7 10. c4 Nf8 11. a3 a5 12. Nc3 Ng6 13. Re1 Bc7 14. c5 Be6 15. Be4 f5 16. Bf3 f4 17. Bc1 Nh4 18. Be4 Qg5 19. g3 Rad8 20. Kh1 Ng6 21. Rg1 Qf6 22. d5 cxd5 23. Bf3 fxg3 24. fxg3 Ne5 25. Bg2 Ng4 26. Rf1 Nf2+ 27. Rxf2 Qxf2 28. Ne2 Bg4 0-1


[Site "https://www.chess.com"]

[Event "Titled Tuesday Blitz May 16 Early 2023"]
[White "LangesNasenhaar"]
[Black "Seinw1"]
[WhiteElo "2430"]
[BlackElo "2547"]
[Result "0-1"]
[Round "08"]
[TimeControl "180+2"]
[Date "2023.05.16"]
[WhiteClock "0:00:00"]
[BlackClock "0:00:10"]

1. d4 Nf6 2. Nc3 d5 3. Bf4 a6 4. e3 c5 5. dxc5 Nc6 6. Nf3 e6 7. Na4 Bxc5 8. Nxc5 Qa5+ 9. c3 Qxc5 10. Bd3 O-O 11. O-O h6 12. Qe2 b5 13. Ne5 Bb7 14. Rac1 Rac8 15. h3 Rfd8 16. Rfd1 Nxe5 17. Bxe5 Nd7 18. Bg3 f5 19. Bh4 Rf8 20. Qh5 Rf7 21. Bf1 e5 22. Kh2 Qc6 23. Rd2 g5 24. Bxg5 hxg5 25. Qxg5+ Kf8 26. Rcd1 Qf6 27. Qh5 Ke7 28. a4 Rh8 29. Qf3 Bc6 30. axb5 axb5 31. Rxd5 Bxd5 32. Qxd5 Qe6 33. Qxb5 e4 34. Qb4+ Kf6 35. Rd6 Ne5 36. Rxe6+ Kxe6 37. Bc4+ Nxc4 38. Qxc4+ Ke7 39. Qc5+ Ke6 40. b4 Rd8 41. Qc4+ Kf6 42. Qc6+ Kg7 43. b5 Rd2 44. b6 Rb2 45. c4 Rxf2 46. c5 f4 0-1


[Site "https://www.chess.com"]

[Event "Titled Tuesday Blitz May 16 Early 2023"]
[White "Santarius, Erik"]
[Black "Sai Han Thiha"]
[WhiteFideId "2025817"]
[BlackFideId "13012290"]
[WhiteElo "2300"]
[BlackElo "1954"]
[Result "0-1"]
[Round "08"]
[TimeControl "180+2"]
[Date "2023.05.16"]
[WhiteClock "0:00:13"]
[BlackClock "0:00:11"]

1. e4 c6 2. d4 d5 3. exd5 cxd5 4. Bd3 Nc6 5. c3 Nf6 6. h3 g6 7. Nf3 Bf5 8. Be2 Bg7 9. O-O O-O 10. Bf4 Rc8 11. Nbd2 a6 12. a4 Qb6 13. Qb3 Qxb3 14. Nxb3 Ne4 15. Nfd2 e5 16. dxe5 Nxe5 17. Bxe5 Bxe5 18. Nf3 Bf6 19. Nfd4 Bd7 20. Bg4 Bxg4 21. hxg4 Nd6 22. Rfd1 Nc4 23. Rab1 Rfe8 24. Kf1 Re4 25. Nc2 Rxg4 26. Rxd5 Kg7 27. Kg1 Nb6 28. Rd6 Nxa4 29. Ncd4 Nc5 30. Nxc5 Rxc5 31. Rd1 Rh5 32. g3 Bxd4 33. R1xd4 Rxd4 34. Rxd4 Rb5 35. b4 Kf6 36. Rd7 Ke6 37. Rc7 h5 38. f4 f6 39. Kf2 g5 40. fxg5 fxg5 41. Kf3 Kf5 42. Rf7+ Kg6 43. Rc7 Rb6 44. Rc8 Rf6+ 45. Kg2 Rc6 46. Rg8+ Kf5 47. Rb8 Rxc3 48. Ra8 Kg4 49. Rb8 Rc2+ 50. Kf1 Kxg3 0-1


[Site "https://www.chess.com"]

[Event "Titled Tuesday Blitz May 16 Early 2023"]
[White "Tologon tegin, Semetei"]
[Black "Rottenwohrer Suarez, Juan"]
[WhiteFideId "13800574"]
[BlackFideId "32068182"]
[WhiteElo "2247"]
[BlackElo "2174"]
[Result "1-0"]
[Round "08"]
[TimeControl "180+2"]
[Date "2023.05.16"]
[WhiteClock "0:00:13"]
[BlackClock "0:00:00"]

1. d4 Nf6 2. Nc3 d5 3. Bf4 c5 4. e3 a6 5. dxc5 Nc6 6. Nf3 e6 7. Na4 Ne4 8. c3 Nxc5 9. Nxc5 Bxc5 10. Bd3 h6 11. O-O Qe7 12. e4 dxe4 13. Bxe4 O-O 14. Re1 Rd8 15. Qe2 Bd7 16. Bc2 Qf6 17. Qe4 g5 18. Bc7 Rdc8 19. Bg3 Qg7 20. Rad1 Be8 21. h4 gxh4 22. Bxh4 Ne7 23. b4 Bc6 24. Qd3 Nf5 25. bxc5 Bxf3 26. Qxf3 Nxh4 27. Qh3 Ng6 28. Bxg6 Qxg6 29. Re5 Rd8 30. Rd4 Rxd4 31. cxd4 Rd8 32. Qh4 Rd7 33. Re3 Kh7 34. Rg3 Qf5 35. Rf3 Qb1+ 36. Kh2 Qg6 37. Rf6 Qg5 38. Qf4 Qxf4+ 39. Rxf4 Kg6 40. Kg3 f5 41. Kf3 Kf6 42. Ke3 e5 43. Rh4 exd4+ 44. Rxd4 Rc7 45. Rd5 Ke6 46. Kd4 Kf6 47. f4 Kg6 48. Kd3 Re7 49. g3 Rg7 50. Ke3 Kf6 51. Kf3 Rc7 52. Rd6+ Kg7 53. Rb6 Rxc5 54. Rxb7+ Kf6 55. Rb6+ Kg7 56. Rxa6 Rc3+ 57. Kg2 Rc2+ 58. Kh3 Rc1 59. a4 Rh1+ 60. Kg2 Ra1 61. a5 Ra2+ 62. Kf3 Ra1 63. Ke3 Ra3+ 64. Kd4 Rxg3 65. Ke5 Ra3 66. Kxf5 h5 67. Ra7+ Kh6 68. Ra8 Kg7 69. Kg5 1-0


[Site "https://www.chess.com"]

[Event "Titled Tuesday Blitz May 16 Early 2023"]
[White "Van Dael, Siem"]
[Black "Ginzburg, Yakov"]
[WhiteFideId "1049771"]
[BlackFideId "4157176"]
[WhiteElo "2336"]
[BlackElo "2305"]
[Result "0-1"]
[Round "08"]
[TimeControl "180+2"]
[Date "2023.05.16"]
[WhiteClock "0:00:00"]
[BlackClock "0:01:13"]

1. e4 c5 2. Nf3 e6 3. d4 cxd4 4. Nxd4 Nf6 5. Nc3 Nc6 6. Ndb5 Bb4 7. a3 Bxc3+ 8. Nxc3 d5 9. exd5 exd5 10. Bd3 O-O 11. O-O d4 12. Ne2 h6 13. f3 Qd5 14. Bd2 Bf5 15. Nf4 Qd7 16. Re1 Rfe8 17. b4 a6 18. a4 Rxe1+ 19. Qxe1 Re8 20. Qg3 Ne5 21. b5 Nxd3 22. Nxd3 axb5 23. Bxh6 Bg6 24. Ne5 Qf5 25. Nxg6 fxg6 26. Bg5 bxa4 27. Bxf6 gxf6 28. Qc7 Qb5 29. Rd1 Qe2 30. Rf1 a3 31. Qxb7 a2 32. Qb3+ Qe6 33. Qxe6+ Rxe6 34. Ra1 Ra6 35. Kf2 Kf7 36. Ke2 Ke6 37. Kd3 Kd5 38. Kd2 Kc4 39. g3 f5 40. f4 Ra3 41. Kc1 Kc3 42. h3 Ra8 43. h4 Re8 44. Kd1 Kb2 45. Rxa2+ Kxa2 46. Kd2 Re3 47. c3 Rxc3 0-1


[Site "https://www.chess.com"]

[Event "Titled Tuesday Blitz May 16 Early 2023"]
[White "Kalajzic, Ivan"]
[Black "Krsnik Cohar, Ivan Vihor"]
[WhiteFideId "14506378"]
[BlackFideId "14520044"]
[WhiteElo "2203"]
[BlackElo "2414"]
[Result "1/2-1/2"]
[Round "08"]
[TimeControl "180+2"]
[Date "2023.05.16"]
[WhiteClock "0:00:34"]
[BlackClock "0:00:17"]

1. b3 Nf6 2. Bb2 e6 3. e3 d5 4. Nf3 c5 5. Ne5 Nc6 6. Bb5 Bd7 7. Bxc6 Bxc6 8. O-O Bd6 9. d3 O-O 10. Nd2 Nd7 11. Nxc6 bxc6 12. e4 Be5 13. Bxe5 Nxe5 14. f4 Ng6 15. g3 f5 16. exf5 exf5 17. Re1 Re8 18. Qh5 Qf6 19. Nf3 c4 20. Qg5 Qf8 21. Kg2 Rxe1 22. Rxe1 Re8 23. Rxe8 Qxe8 24. Kf2 cxb3 25. axb3 Qf8 26. d4 c5 27. Ne5 cxd4 28. Nxg6 hxg6 29. Qxg6 Qc5 30. Qe8+ Kh7 31. Qh5+ Kg8 32. Qe8+ Kh7 33. Qh5+ Kg8 34. Qe8+ 1/2-1/2


[Site "https://www.chess.com"]

[Event "Titled Tuesday Blitz May 16 Early 2023"]
[White "Yosha_Iglesias"]
[Black "surrenderPLS"]
[WhiteElo "2413"]
[BlackElo "2518"]
[Result "1/2-1/2"]
[Round "08"]
[TimeControl "180+2"]
[Date "2023.05.16"]
[WhiteClock "0:00:02"]
[BlackClock "0:00:02"]

1. d4 Nf6 2. Nf3 g6 3. Nbd2 d5 4. e3 Bg7 5. b4 O-O 6. Be2 a5 7. b5 b6 8. O-O Nbd7 9. c4 dxc4 10. Nxc4 Bb7 11. Bb2 Ne4 12. a4 Rc8 13. Nfd2 Ndf6 14. Bf3 Bd5 15. Rc1 c6 16. bxc6 Rxc6 17. Nxe4 Nxe4 18. Ne5 Bxe5 19. dxe5 e6 20. Qd4 Nc5 21. Bxd5 Qxd5 22. Qxd5 exd5 23. Bd4 Rfc8 24. Bxc5 Rxc5 25. Rb1 Rb8 26. Rfc1 Rbc8 27. Rxc5 bxc5 28. f4 c4 29. Kf2 Kf8 30. Ke2 c3 31. Rc1 Rc4 32. Kd3 Rxa4 33. Rxc3 Ra2 34. g4 Rxh2 35. Rc8+ Ke7 36. Rc7+ Ke8 37. g5 h5 38. gxh6 Rxh6 39. Ra7 Rh1 40. Rxa5 Rd1+ 41. Kc3 Ke7 42. Ra6 g5 43. f5 Rf1 44. f6+ Kd7 45. Ra7+ Ke6 46. Re7+ Kf5 47. Kd4 Rd1+ 48. Kc5 Kg6 49. Kd6 g4 50. Re8 Kf5 51. Rg8 d4 52. exd4 Rxd4+ 53. Ke7 Kxe5 54. Kxf7 Ra4 55. Rg6 Kf5 56. Kg7 Ra7+ 57. f7 Kf4 58. Rf6+ Ke3 59. Kg6 Rxf7 60. Kxf7 g3 61. Rg6 Kf2 62. Rxg3 Kxg3 1/2-1/2


[Site "https://www.chess.com"]

[Event "Titled Tuesday Blitz May 16 Early 2023"]
[White "Gonzalez, Francisco Silva"]
[Black "Jakic, Ivan"]
[WhiteFideId "1512285"]
[BlackFideId "14504901"]
[WhiteElo "2074"]
[BlackElo "2370"]
[Result "0-1"]
[Round "08"]
[TimeControl "180+2"]
[Date "2023.05.16"]
[WhiteClock "0:00:00"]
[BlackClock "0:00:40"]

1. d4 Nf6 2. c4 Nc6 3. Nf3 e6 4. a3 d6 5. Nc3 g6 6. h3 Bg7 7. Bg5 h6 8. Bh4 O-O 9. e3 Qe7 10. Bd3 Re8 11. g4 g5 12. Nxg5 hxg5 13. Bxg5 Qf8 14. f4 e5 15. Bxf6 Bxf6 16. Nd5 Bh4+ 17. Kf1 exd4 18. g5 Rxe3 19. Qh5 Qg7 20. Bh7+ Kf8 21. Qxh4 Be6 22. Nxe3 dxe3 23. Bd3 Qxb2 24. Qh6+ Ke7 25. Qf6+ Qxf6 26. gxf6+ Kxf6 27. Ke2 Re8 28. Rag1 Bf5 29. Bxf5 Nd4+ 30. Kd3 Nxf5 31. h4 e2 32. Kd2 Nd4 33. Rh3 Nc2 34. h5 e1=Q+ 35. Rxe1 Nxe1 36. h6 Ng2 37. h7 Rh8 38. Rg3 Nxf4 39. Rf3 Ke5 40. Ke3 Rxh7 41. Rxf4 Rh3+ 42. Rf3 Rxf3+ 43. Kxf3 Kd4 44. c5 Kxc5 45. a4 Kb4 46. a5 Kxa5 0-1


[Site "https://www.chess.com"]

[Event "Titled Tuesday Blitz May 16 Early 2023"]
[White "Shubenkova, Veronika"]
[Black "Kleiman, Jake"]
[WhiteFideId "44124040"]
[BlackFideId "2020041"]
[WhiteElo "2060"]
[BlackElo "2543"]
[Result "0-1"]
[Round "08"]
[TimeControl "180+2"]
[Date "2023.05.16"]
[WhiteClock "0:00:22"]
[BlackClock "0:00:14"]

1. e4 e5 2. Nf3 Nc6 3. Bb5 a6 4. Bxc6 dxc6 5. O-O f6 6. d4 Bg4 7. dxe5 Qxd1 8. Rxd1 Bxf3 9. gxf3 fxe5 10. Be3 Nf6 11. Nc3 Bd6 12. Kf1 Rf8 13. Ke2 Nh5 14. Rg1 g6 15. Rad1 Rd8 16. Rd3 Rd7 17. Bh6 Rf6 18. Bg5 Rff7 19. Nd1 Ng7 20. Bh6 Ne6 21. Ne3 Nd4+ 22. Rxd4 exd4 23. Nc4 Bxh2 24. Rh1 Bf4 25. Bxf4 Rxf4 26. Ne5 Re7 27. Nd3 Rf8 28. b4 b6 29. a4 h5 30. Rg1 Rf6 31. e5 Kf7 32. Rg3 Rf5 33. f4 h4 34. Rh3 Rh5 35. Kf3 Ke6 36. Kg4 Reh7 37. Ne1 Kd5 38. Nf3 Kc4 39. Ng5 Re7 40. Rd3 Rd7 41. b5 cxb5 42. axb5 Kxb5 43. e6 Re7 44. Rxd4 h3 45. Rd1 h2 46. Rh1 Rxg5+ 47. Kxg5 Rxe6 48. Rxh2 a5 49. f5 gxf5 50. Kxf5 Re8 51. f4 a4 52. Kf6 Kc4 53. Kf7 Ra8 54. Ke6 a3 55. Rh1 Kc3 56. f5 a2 57. Ra1 Kb2 58. Rxa2+ Kxa2 59. c4 Kb3 0-1


[Site "https://www.chess.com"]

[Event "Titled Tuesday Blitz May 16 Early 2023"]
[White "Gatterer, Florian"]
[Black "Horak, Martin"]
[WhiteFideId "811688"]
[BlackFideId "367095"]
[WhiteElo "2221"]
[BlackElo "2091"]
[Result "1-0"]
[Round "08"]
[TimeControl "180+2"]
[Date "2023.05.16"]
[WhiteClock "0:00:09"]
[BlackClock "0:00:04"]

1. d4 Nf6 2. Bg5 d5 3. e3 c5 4. Bxf6 gxf6 5. dxc5 e6 6. Nf3 Bxc5 7. Be2 Qb6 8. Qc1 Nc6 9. O-O Rg8 10. a3 Bd6 11. c4 dxc4 12. Nbd2 Na5 13. Bxc4 Bd7 14. b4 Nc6 15. Be2 Ne5 16. Nxe5 Bxe5 17. Nc4 Qc7 18. Nxe5 Qxe5 19. Bf3 Rc8 20. Qb1 f5 21. Rc1 b6 22. Rxc8+ Bxc8 23. Qc1 Bd7 24. Rb1 Ke7 25. Qb2 Qxb2 26. Rxb2 Rc8 27. h3 Rc3 28. Ra2 Ba4 29. Kh2 e5 30. Bd5 f4 31. exf4 exf4 32. g3 fxg3+ 33. fxg3 f5 34. h4 Kd6 35. Bg8 h6 36. Rd2+ Ke5 37. Ra2 Bb3 38. Re2+ Kd4 39. Bxb3 Rxb3 40. Re6 Rxa3 41. Rxh6 Ra4 42. Rh7 Kd5 43. h5 Ke5 44. Rb7 Kf6 45. h6 Ra2+ 46. Kh3 Ra1 47. Kg2 Ra2+ 48. Kh3 Ra1 49. h7 Rh1+ 50. Kg2 Rh6 51. Rxa7 Ke5 52. Rb7 Kd5 53. Kf3 Kc4 54. Kf4 Kxb4 55. Rxb6+ Rxb6 56. h8=Q Rb5 57. Qd4+ Kb3 58. Qd3+ Kb4 59. Qxb5+ Kxb5 60. Kxf5 1-0


[Site "https://www.chess.com"]

[Event "Titled Tuesday Blitz May 16 Early 2023"]
[White "Goltseva, Ekaterina"]
[Black "Tarasova, Viktoriya"]
[WhiteFideId "24173770"]
[BlackFideId "4175840"]
[WhiteElo "2114"]
[BlackElo "2182"]
[Result "1-0"]
[Round "08"]
[TimeControl "180+2"]
[Date "2023.05.16"]
[WhiteClock "0:00:31"]
[BlackClock "0:00:03"]

1. e4 e5 2. Nf3 Nc6 3. Nc3 Nf6 4. h3 Bc5 5. Nxe5 Nxe5 6. d4 Bb4 7. dxe5 Nxe4 8. Qd4 Bxc3+ 9. bxc3 Ng5 10. Ba3 Ne6 11. Qe4 c5 12. Bd3 d5 13. exd6 Qxd6 14. O-O a6 15. f4 g6 16. Rad1 Qc7 17. f5 gxf5 18. Rxf5 Bd7 19. Rxc5 Qb6 20. Qe3 Qa7 21. Bf5 b5 22. Kh1 O-O 23. Bxe6 Bxe6 24. Qg5+ Kh8 25. Qf6+ 1-0


[Site "https://www.chess.com"]

[Event "Titled Tuesday Blitz May 16 Early 2023"]
[White "Mohammed, Zozek Salah Mohammed"]
[Black "Tomiello, Mateus Costamilan"]
[WhiteFideId "4803361"]
[BlackFideId "22701958"]
[WhiteElo "2211"]
[BlackElo "1990"]
[Result "0-1"]
[Round "08"]
[TimeControl "180+2"]
[Date "2023.05.16"]
[WhiteClock "0:00:12"]
[BlackClock "0:00:30"]

1. d4 d5 2. c4 e6 3. Nf3 Nf6 4. g3 Be7 5. Bg2 O-O 6. O-O dxc4 7. Na3 Bxa3 8. bxa3 Nc6 9. Re1 Rb8 10. e4 b5 11. e5 Nd5 12. Ng5 h6 13. Ne4 a5 14. Qh5 Qe7 15. Bxh6 Nxd4 16. Bxg7 Kxg7 17. Qg4+ Kh8 18. Qh5+ Kg7 19. Qg4+ Kh8 20. Ng5 Rg8 21. h4 Nf5 22. Qh5+ Kg7 23. g4 Rh8 24. Qxf7+ Qxf7 25. Nxf7 Kxf7 26. gxf5 Nf4 27. f6 Rg8 0-1


[Site "https://www.chess.com"]

[Event "Titled Tuesday Blitz May 16 Early 2023"]
[White "Bethke, Richard"]
[Black "Chabris, Christopher"]
[WhiteFideId "12959243"]
[BlackFideId "2005263"]
[WhiteElo "2369"]
[BlackElo "2380"]
[Result "1-0"]
[Round "08"]
[TimeControl "180+2"]
[Date "2023.05.16"]
[WhiteClock "0:01:36"]
[BlackClock "0:00:00"]

1. e4 e5 2. Nf3 Nc6 3. Bc4 Nf6 4. d3 Be7 5. O-O O-O 6. Re1 d6 7. a4 Kh8 8. h3 Ng8 9. Nc3 f5 10. d4 fxe4 11. Rxe4 Bf5 12. Re1 e4 13. Nd2 Nxd4 14. Ndxe4 Nc6 15. Ng3 Bg6 16. Bd3 Bxd3 17. Qxd3 Bg5 18. Nd5 Ne5 19. Qb3 c6 20. Bxg5 Qxg5 21. Nc7 Rab8 22. Ne6 Qf6 23. Nxf8 Rxf8 24. Re2 Nh6 25. Qxb7 Nf5 26. Nxf5 Qxf5 27. Qe7 Rf7 28. Qxd6 h5 29. Qxe5 1-0


[Site "https://www.chess.com"]

[Event "Titled Tuesday Blitz May 16 Early 2023"]
[White "Arat, Ufuk Sezen"]
[Black "Matveeva, Olga"]
[WhiteFideId "6309089"]
[BlackFideId "24107018"]
[WhiteElo "2289"]
[BlackElo "2009"]
[Result "1-0"]
[Round "08"]
[TimeControl "180+2"]
[Date "2023.05.16"]
[WhiteClock "0:00:13"]
[BlackClock "0:00:02"]

1. Nf3 c5 2. c4 Nc6 3. Nc3 g6 4. g3 Bg7 5. Bg2 e6 6. O-O Nge7 7. e3 O-O 8. d4 cxd4 9. exd4 d5 10. cxd5 Nxd5 11. Bd2 Nce7 12. Re1 b6 13. Ne5 Bb7 14. Ne4 Rc8 15. Qe2 Nf5 16. Bc3 Nxc3 17. bxc3 Qc7 18. Qg4 Rfd8 19. Rac1 Nxd4 20. cxd4 Qxc1 21. Rxc1 Rxc1+ 22. Bf1 Ba6 23. Qf4 Rxf1+ 24. Kg2 f5 25. Ng5 Rd1 26. Nxe6 Bf1+ 27. Kf3 Rc8 28. Qe3 Rdc1 29. Nc5 Rc4 30. Nxc4 bxc5 31. Ne5 cxd4 32. Qb3+ Kh8 33. Nf7+ 1-0


[Site "https://www.chess.com"]